 Dungeon Crawl Stone Soup version 0.28.0-43-g3370ac3207 (webtiles) character file.

Game seed: 13431236412944946049

22 hehateme the Caller (level 3, 0/20 HPs)
             Began as a Kobold Summoner on Mar 22, 2022.
             Slain by a kobold
             ... wielding a +5 short sword
              (4 damage)
             ... on level 1 of the Dungeon.
             The game lasted 00:02:05 (947 turns).

hehateme the Caller (Kobold Summoner)                Turns: 947, Time: 00:02:06

Health: 0/20       AC:  2    Str:  7    XL:     3   Next: 7%
Magic:  3/6        EV: 15    Int: 16    God:
Gold:   25         SH:  0    Dex: 15    Spells: 5/6 levels left

rFire   . . .      SeeInvis .   b - +0 falchion
rCold   . . .      Faith    .   (no shield)
rNeg    . . .      Spirit   .   a - +0 robe
rPois   .          Reflect  .   (no helmet)
rElec   .          Harm     .   (no cloak)
rCorr   .          Rampage  .   (no gloves)
Will    .....                   (no boots)
Stlth   ++++......              (no amulet)
HPRegen 0.06/turn               (no ring)
MPRegen 0.10/turn               (no ring)

@: no status effects
A: small, no large weapons, nightstalker 3
a: no special abilities


You were on level 1 of the Dungeon.
You visited 1 branch of the dungeon, and saw 1 of its levels.

You collected 25 gold pieces.

Inventory:

Hand Weapons
 b - a +0 falchion (weapon)
Missiles
 Q - 3 stones (quivered)
Armour
 a - a +0 robe (worn)
Scrolls
 c - a scroll of magic mapping {unknown}
 d - a scroll of fear {unknown}
 e - a scroll of blinking {unknown}
 f - a scroll of immolation {unknown}
Potions
 g - a potion of brilliance {unknown}


   Skills:
 + Level 1.0 Fighting
 - Level 2.4 Dodging
 * Level 3.9 Stealth
 - Level 2.1 Spellcasting
 + Level 4.2 Summonings


You had 5 spell levels left.
You knew the following spells:

 Your Spells              Type           Power      Damage    Failure   Level
a - Summon Small Mammal   Summ           60%        N/A       3%          1

Your spell library contained the following spells:

 Spells                   Type           Power      Damage    Failure   Level
 Call Imp                 Summ           15%        N/A       5%          2
 Call Canine Familiar     Summ           15%        N/A       11%         3
 Foxfire                  Conj/Fire      4%         2x1d4     21%         1
 Summon Guardian Golem    Hex/Summ       8%         N/A       26%         3
 Sublimation of Blood     Necr           1%         N/A       30%         2
 Wereblood                Tmut           1%         N/A       30%         2
 Conjure Flame            Conj/Fire      1%         6-21      52%         3
 Inner Flame              Hex/Fire       1%         N/A       52%         3
 Summon Lightning Spire   Summ/Air       8%         N/A       65%         4
 Flame Wave               Conj/Fire      1%         2d4       90%         4
 Summon Hydra             Summ           7%         N/A       100%        7


Dungeon Overview and Level Annotations

Branches:
Dungeon (1/15)

Altars:


Innate Abilities, Weirdness & Mutations

You are small and have problems with some larger weapons.
You are completely attuned to the shadows.


Message History

Your bat is frozen.
Your bat dies!
Your bat's corpse disappears in a puff of smoke!
The endoplasm quivers.
You have reached level 3!
Your experience leads to an increase in your attributes!
Increase (S)trength, (I)ntelligence, or (D)exterity?
You feel stronger. x2
You regained 2 hp, and now have 12/20 hp.
The endoplasm barely misses your rat.
You swap places.
The endoplasm freezes you.
You are frozen.
You take 1 damage, and have 11/20 hp.
You hit the endoplasm but do no damage. The endoplasm freezes you.
You are frozen.
* * * LOW HITPOINT WARNING * * *
You take 2 damage, and have 9/20 hp.
You hit the endoplasm. The endoplasm hits you.
* * * LOW HITPOINT WARNING * * *
You take 1 damage, and have 8/20 hp.
Unknown command.
You barely miss the endoplasm. The endoplasm freezes you.
You are frozen.
* * * LOW HITPOINT WARNING * * *
The endoplasm dies!
You take 5 damage, and have 3/20 hp.
GAME OVER YEAH!!
The kobold hits your rat with a +5 short sword.
Your rat dies!
Your rat's corpse disappears in a puff of smoke!
The kobold shouts!
You hit the kobold but do no damage. The kobold misses you.
You closely miss the kobold. The kobold completely misses you.
The kobold barely misses you.
You now have 4/6 mp.
The kobold hits you with a +5 short sword.
You die...

##...#########################.
#..............................
#....#########################.
#.############### #.
###.###......†....# ####.
...>..'.....!.....+ ....†
###÷###.....).r...# ###. .##.#
#†...†......# #. .##.#
#.......r.@K# #. ..).#
############# #. ....... #.
#.##### ## #.. ....

Skill      XL: |  1  2 |
---------------+-------+-----
Stealth        | 3 |  3.9
Fighting       | 1 |  1.0
Dodging        | |  2.4
Spellcasting   | |  2.1
Summonings     | |  4.2

Notes
Turn   | Place    | Note
-------+----------+-------------------------------------------
     0 | D:1      | hehateme the Kobold Summoner began the quest for the Orb.
     0 | D:1      | Reached XP level 1. HP: 10/10 MP: 3/3
    55 | D:1      | Reached skill level 3 in Stealth
   387 | D:1      | Reached XP level 2. HP: 9/16 MP: 3/5
   927 | D:1      | Reached skill level 1 in Fighting
   937 | D:1      | Reached XP level 3. HP: 12/20 MP: 4/6
   941 | D:1      | HP: 3/20 [frozen (5)]
   947 | D:1      | Slain by a kobold

Table legend: (Time is in decaauts)
 A = Elapsed time spent in this place.
 B = Non-inter-level travel time spent in this place.
 C = Inter-level travel time spent in this place.
 D = Time resting spent in this place.
 E = Time spent auto-exploring this place.
 F = Levels seen in this place.
 G = Mean time per level.
                   A        B        C        D        E       F      G
               +--------+--------+--------+--------+--------+-----+--------+
         Total |    960 |    960 |      0 |    113 |    668 |   1 |  960.0 |
       Dungeon |    960 |    960 |      0 |    113 |    668 |   1 |  960.0 |
               +--------+--------+--------+--------+--------+-----+--------+

Top non-repeatable levels by time:
     D:1: 960 daAuts

Table legend:
 A = Kills in this place as a percentage of kills in entire the game.
 B = Kills by you in this place as a percentage of kills by you in the entire game.
 C = Kills by friends in this place as a percentage of kills by friends in the entire game.
 D = Other kills in this place as a percentage of other kills in the entire game.
 E = Experience gained in this place as a percentage of experience gained in the entire game.
 F = Experience gained in this place divided by the number of levels of this place that you have seen.
                   A       B       C       D       E      F
               +-------+-------+-------+-------+-------+----------------------
         Total | 100.0 | 100.0 | 100.0 |   N/A | 100.0 |  32.0
       Dungeon | 100.0 | 100.0 | 100.0 |   N/A | 100.0 |  32.0
               +-------+-------+-------+-------+-------+----------------------

Action                   || total
-------------------------++-------
Melee: Falchion          ||    47
       Unarmed           ||     1
 Cast: Summon Small Mamm ||    19
 Stab: Sleeping          ||     4
Armor: Robe              ||     2
Dodge: Dodged            ||    52

Vanquished Creatures
  2 endoplasms (D:1)
  2 hobgoblins (D:1)
  2 quokkas (D:1)
  A ball python (D:1)
  A bat (D:1)
  3 frilled lizards (D:1)
  A kobold (D:1)
12 creatures vanquished.

Vanquished Creatures (collateral kills)
  A ball python (D:1)
  An endoplasm (D:1)
  A giant cockroach (D:1)
  A bat (D:1)
  A frilled lizard (D:1)
  A goblin (D:1)
  A kobold (D:1)
  4 rats (D:1)
11 creatures vanquished.

Grand Total: 23 creatures vanquished You could see a kobold (ally target), a friendly quokka (summoned) and a friendly rat (summoned).

Levels and vault maps discovered:
D:1:      saegor_arrival_simple_c, layout_basic
